 Dungeon Crawl Stone Soup version 0.23-a0-4-g8f018a2 (webtiles) character file.

16 prawnwizard the Slasher (level 2, -6/22 HPs)
             Began as a Demonspawn Gladiator on July 31, 2018.
             Mangled by a gnoll
             ... wielding a +0 flail
              (13 damage)
             ... on level 1 of the Dungeon.
             The game lasted 00:00:32 (186 turns).

prawnwizard the Slasher (Demonspawn Gladiator)       Turns: 186, Time: 00:00:32

Health: -6/22      AC:  3    Str: 14    XL:     2   Next: 41%
Magic:  2/2        EV: 13    Int:  9    God:
Gold:   38         SH:  0    Dex: 14    Spells: 1/1 levels left

rFire    . . .     SeeInvis .   a - +0 long sword
rCold    . . .     Gourm    .   (no shield)
rNeg     . . .     Faith    .   b - +0 leather armour
rPois    .         Spirit   .   (helmet restricted)
rElec    .         Reflect  .   (no cloak)
rCorr    .         Harm     .   (no gloves)
MR       .....                  (no boots)
Stlth    ..........             (no amulet)
HPRegen  0.07/turn              e - ring of attention (curse)
MPRegen  0.08/turn              (no ring)

@: no status effects
A: antennae 1
a: no special abilities


You were on level 1 of the Dungeon.
You were not hungry.

You visited 1 branch of the dungeon, and saw 1 of its levels.

You collected 38 gold pieces.

Inventory:

Hand Weapons
 a - a +0 long sword (weapon)
Missiles
 d - 3 throwing nets (quivered)
Armour
 b - a +0 leather armour (worn)
 c - a +0 helmet
Jewellery
 e - a cursed ring of attention (left hand)
 i - a +5 ring of intelligence {unknown}
Scrolls
 j - a scroll of identify {unknown}
Potions
 h - a potion of mutation {unknown}
Comestibles
 f - a ration
 g - 9 chunks of flesh


   Skills:
 + Level 2.2 Fighting
 - Level 3.1 Long Blades
 - Level 1.7 Throwing
 + Level 2.9 Dodging
 * Level 0.1 Unarmed Combat


You had one spell level left.
You didn't know any spells.
Your spell library was empty.

Dungeon Overview and Level Annotations

Branches:
Dungeon (1/15)

Altars:


Innate Abilities, Weirdness & Mutations

You have a pair of small antennae on your head.


Message History

Unknown command.
You are too injured to fight recklessly!
The leopard gecko misses you.
You see here a bat corpse.
You hit the leopard gecko.
The leopard gecko is heavily wounded.
The leopard gecko closely misses you. The leopard gecko barely misses you.
You closely miss the leopard gecko.
The leopard gecko is heavily wounded.
The leopard gecko bites you but does no damage.
The leopard gecko bites you.
You closely miss the leopard gecko.
The leopard gecko is heavily wounded.
The leopard gecko barely misses you.
You riposte.
You hit the leopard gecko.
The leopard gecko is almost dead.
You hit the leopard gecko.
You kill the leopard gecko!
You closely miss the gnoll. The gnoll hits you with a flail!
Ouch! That really hurt!
You die...

#.# #.# # #.# # . #.# ######
..### #.# ##..... .....# #.#
##..#### ....?.#######>#
#..## #.
#..........##.########.#####.
......).w.†g@................
##.........###.###.######.###
....$...>..# #.# #.#≈≈≈≈♣.♣≈≈
..$....#...# #.###.#≈...♣)♣..
......##.#.# #(..#.#≈.P.....P
.....# #.#.# ###...#≈PPP...PP
##.## #...# ##..#♣.P.....P #.
###.# #........<...
...#♣.P.....♣


You could see a gnoll and a dart slug.

Vanquished Creatures
  A leopard gecko (D:1)
  A giant cockroach (D:1)
  3 goblins (D:1)
  A hobgoblin (D:1)
  3 jackals (D:1)
  2 bats (D:1)
  A frilled lizard (D:1)
  A kobold (D:1)
  A rat (D:1)
14 creatures vanquished.

Notes
Turn   | Place    | Note
-------+----------+-------------------------------------------
     0 | D:1      | prawnwizard the Demonspawn Gladiator began the quest for the Orb.
     0 | D:1      | Reached XP level 1. HP: 16/16 MP: 1/1
    29 | D:1      | Reached skill level 3 in Long Blades
    72 | D:1      | Gained mutation: You have a pair of small antennae on your head. [demonic ancestry]
    72 | D:1      | Reached XP level 2. HP: 20/22 MP: 2/2
   186 | D:1      | Mangled by a gnoll

Vault maps used:
D:1:      ldierk_walled_garden, minmay_tromino_mix6

Skill      XL: |  1 |
---------------+----+-----
Long Blades    | 3 |  3.1
Fighting       | |  2.2
Throwing       | |  1.7
Dodging        | |  2.9
Unarmed Combat | |  0.1

Action                   || total
-------------------------++-------
Melee: Long sword        ||    27
Armor: Leather armour    ||     5
Dodge: Dodged            ||    22
       Rpst.: Long sword ||     8

Table legend:
 A = Spawn XP
 B = Non-spawn XP
 C = Spawn XP percentage of total XP
 D = Spawn monster count
 E = Non-spawn monster count
 F = Spawn count percentage of total count
 G = Total turns spent on level
                    A         B        C        D         E        F      G
               +---------+---------+-------+---------+---------+-------+---------
         Total |       0 |      24 |   0.0 |       0 |      14 |   0.0 |   186
               +---------+---------+-------+---------+---------+-------+---------
           D:1 |       0 |      24 |   0.0 |       0 |      14 |   0.0 |   186
               +---------+---------+-------+---------+---------+-------+---------
